Map: Dusk Towers

Players

vodkalemin - Winner!

  • Race: Zerg Zerg
  • League: Silver

Grumm

  • Race: Protoss Protoss
  • League: Gold

VOD

Have the link to the VOD?

Description

Time

  • Played on: Feb. 1, 2016, 7:06 p.m.
  • Length: 24:37
Show
View Real Time Build Order
Export as new Build Order

vodkalemin Zerg - Winner!

Build Orders: Hatch First, Lurkers 

Get SALT Encoding   

  12  0:02  Drone  
  13  0:09  Drone  
  14  0:17  Overlord  
  14  0:25  Overlord  
  14  0:37  Drone  
  14  0:41  Drone  
  16  0:57  Hatchery  
  16  0:59  Drone  
  16  1:15  Spawning Pool  
  16  1:17  Drone  
  16  1:32  Drone x3  
  18  1:36  Extractor  
  18  1:39  Extractor  
  17  1:47  Drone  
  18  2:05  Queen  
  20  2:09  Drone  
  20  2:11  Hatchery  
  20  2:21  Drone x3  
  23  2:30  Queen  
  25  2:49  Drone x2  
  25  2:50  Drone x3  
  29  3:15  Roach Warren  
  29  3:18  Zergling x10  
  33  3:23  Queen  
  35  3:32  Zergling x4  
  35  3:33  Zergling x6  
  40  3:40  Drone x2  
  42  3:44  Overlord  
  42  3:47  Overlord  
  42  3:51  Metabolic Boost  
  42  4:07  Drone  
  42  4:08  Drone x5  
  48  4:13  Overlord  
  40  4:50  Roach x6  
  40  4:51  Roach x2  
  54  4:54  Drone  
  55  5:10  Queen  
  55  5:11  Queen  
  59  5:22  Hatchery  
  59  5:27  Spore Crawler x2  
  56  5:29  Spore Crawler  
  56  5:32  Drone x3  
  56  5:33  Drone x5  
  63  5:36  Extractor  
  63  5:38  Extractor  
  61  5:46  Lair  
  61  6:02  Drone x2  
  61  6:03  Drone x3  
  66  6:14  Extractor  
  66  6:16  Drone  
  66  6:21  Overlord x2  
  66  6:30  Overlord x3  
  66  6:45  Spire  
  65  6:50  Drone  
  65  6:51  Drone x6  
  65  6:52  Drone x3  
  72  7:49  Drone x3  
  75  7:57  Mutalisk x7  
  75  7:58  Mutalisk x4  
  91  8:03  Extractor  
  91  8:05  Drone x4  
  99  8:06  Drone x6  
  99  8:07  Drone  
  107  8:35  Hydralisk Den  
  106  8:43  Drone x6  
  106  8:47  Overlord x6  
  106  9:55  Hydralisk x5  
  106  9:56  Hydralisk x12  
  106  9:57  Hydralisk  
  142  10:03  Roach  
  142  10:04  Roach x6  
  156  10:14  Drone x3  
  159  10:29  Overlord x5  
  159  10:48  Lurker Den  
  159  11:06  Extractor  
  158  11:11  Extractor  
  157  11:20  Evolution Chamber x2  
  155  11:29  Overseer x5  
  155  11:30  Overseer x2  
  155  11:32  Pneumatized Carapace  
  155  11:44  Infestation Pit  
  154  11:48  Hydralisk x2  
  154  11:49  Hydralisk x2, Corruptor  
  154  11:50  Corruptor x3  
  164  12:14  Lurker  
  164  12:15  Lurker x2  
  164  12:16  Lurker x2  
  164  12:17  Lurker x2  
  164  12:22  Zergling x10  
  134  12:50  Zergling x10  
  134  12:51  Zergling x6  
  138  13:17  Hatchery  
  138  13:18  Hatchery  
  136  13:39  Corruptor x2  
  136  13:40  Corruptor x7  
  136  13:41  Corruptor x4  
  154  13:44  Overlord  
  154  13:45  Overlord x4  
  162  14:29  Hive  
  162  14:58  Zergling x2  
  162  14:59  Zergling x8  
  169  15:00  Zergling x14  
  169  15:01  Zergling x6  
  169  15:03  Zerg Missile Weapons Level 1, Pathogen Glands  
  169  15:05  Zerg Melee Weapons Level 1  
  177  15:13  Drone x3  
  180  15:17  Drone x3  
  183  15:59  Ultralisk Cavern  
  171  16:32  Extractor  
  170  16:35  Extractor  
  169  16:50  Ultralisk x5  
  199  17:02  Zerg Melee Weapons Level 2  
  199  17:04  Zerg Ground Armor Level 1  
  195  17:33  Ultralisk x2  
  195  17:34  Corruptor x2  
  199  17:50  Spine Crawler  
  198  17:53  Spore Crawler  
  198  17:58  Spore Crawler  
  196  18:03  Spore Crawler  
  195  18:11  Spore Crawler  
  191  18:23  Ultralisk  
  123  19:16  Zergling x6  
  123  19:17  Zergling x6  
  89  19:40  Drone  
  89  19:41  Drone x4  
  89  19:42  Zergling x2  
  89  19:43  Zergling x8  
  95  19:54  Ultralisk x2  
  95  19:55  Ultralisk x4  
  95  19:57  Ultralisk  
  146  20:00  Ultralisk x2  
  142  20:09  Spine Crawler  
  140  20:21  Extractor  
  139  20:22  Extractor  
  138  20:28  Extractor  
  137  20:37  Queen  
  139  20:43  Zergling x14  
  139  20:44  Zergling x16  
  154  20:53  Queen x2  
  158  20:57  Chitinous Plating  
  158  21:06  Zergling x6  
  158  21:07  Zergling x2  
  158  21:08  Roach x4  
  158  21:09  Roach x2  
  174  21:12  Queen  
  176  21:33  Ultralisk  
  176  21:34  Zergling x6  
  176  21:35  Zergling x22  
  160  22:15  Zergling x10  
  144  22:16  Zergling x24  
  144  22:17  Zergling x4  
  158  22:43  Zergling x2  
  158  22:44  Zergling x20  
  118  23:06  Ultralisk  
  118  23:07  Ultralisk x4  
  135  23:34  Ultralisk  
  135  23:35  Zergling x4, Ultralisk  
  135  23:36  Zergling x22  
  154  23:59  Drone x3  
  154  24:00  Drone x5  
  154  24:01  Drone  
Show
View Real Time Build Order
Export as new Build Order

Grumm Protoss 

Build Orders: 1 Gate Expand 

Get SALT Encoding   

  12  0:04  Probe (Chrono Boost)  
  13  0:15  Probe (Chrono Boost)  
  14  0:25  Probe (Chrono Boost)  
  14  0:26  Pylon  
  15  0:44  Gateway, Probe (Chrono Boost)  
  16  0:55  Probe (Chrono Boost)  
  17  1:15  Nexus  
  17  1:26  Pylon  
  17  1:34  Cybernetics Core  
  17  1:36  Probe (Chrono Boost)  
  18  1:57  Probe (Chrono Boost)  
  19  2:03  Forge  
  19  2:05  Gateway  
  19  2:08  Zealot  
  21  2:10  Probe (Chrono Boost)  
  21  2:15  Assimilator  
  22  2:21  Assimilator  
  21  2:55  Nexus  
  21  2:57  Probe (Chrono Boost)  
  22  3:09  Photon Cannon  
  22  3:14  Probe (Chrono Boost)  
  22  3:15  Warp Gate  
  22  3:18  Adept  
  25  3:24  Probe (Chrono Boost)  
  26  3:33  Probe (Chrono Boost)  
  27  3:35  Probe (Chrono Boost)  
  28  3:43  Probe (Chrono Boost)  
  28  3:45  Probe (Chrono Boost)  
  30  3:54  Mothership Core (Chrono Boost)  
  32  3:56  Probe (Chrono Boost)  
  32  4:00  Pylon  
  33  4:05  Adept  
  33  4:06  Pylon, Probe (Chrono Boost)  
  36  4:11  Stalker  
  38  4:20  Pylon  
  38  4:26  Gateway  
  38  4:34  Gateway  
  38  4:40  Pylon  
  35  4:46  Probe (Chrono Boost)  
  35  4:49  Probe (Chrono Boost)  
  35  4:50  Probe (Chrono Boost)  
  37  4:57  Probe (Chrono Boost)  
  38  5:07  Stargate  
  38  5:09  Robotics Facility  
  38  5:14  Pylon  
  38  5:24  Assimilator  
  40  5:28  Probe x2 (Chrono Boost)  
  40  5:30  Assimilator  
  40  5:31  Probe (Chrono Boost)  
  41  5:38  Adept x2  
  41  5:40  Sentry  
  47  5:50  Protoss Ground Weapons Level 1  
  47  5:51  Oracle  
  50  6:00  Observer  
  51  6:06  Probe x2 (Chrono Boost)  
  51  6:11  Assimilator  
  53  6:15  Assimilator  
  53  6:16  Probe (Chrono Boost)  
  53  6:17  Pylon, Probe x2 (Chrono Boost)  
  56  6:22  Pylon  
  56  6:27  Zealot  
  58  6:35  Zealot x2  
  58  6:38  Adept  
  64  6:40  Probe (Chrono Boost)  
  55  7:15  Void Ray  
  48  7:16  Immortal (Chrono Boost)  
  48  7:19  Stalker  
  48  7:20  Stalker x3  
  58  7:29  Robotics Bay  
  58  7:30  Probe  
  58  7:31  Pylon  
  58  7:33  Probe  
  60  7:46  Immortal (Chrono Boost)  
  64  7:55  Stalker  
  64  7:56  Adept  
  68  7:59  Adept  
  68  8:03  Protoss Ground Armor Level 1 (Chrono Boost)  
  70  8:09  Probe  
  70  8:11  Pylon  
  71  8:15  Probe x2  
  71  8:19  Colossus  
  73  8:20  Probe  
  73  8:27  Probe x2  
  81  8:30  Probe  
  83  8:36  Zealot  
  83  8:37  Zealot x2  
  89  8:42  Probe, Zealot  
  89  8:45  Probe  
  89  8:46  Probe  
  94  8:52  Extended Thermal Lance  
  94  9:01  Pylon  
  94  9:09  Stalker x3  
  100  9:11  Zealot  
  83  9:34  Stalker x3  
  83  9:35  Stalker  
  79  9:47  Void Ray  
  81  10:04  Photon Cannon  
  81  10:05  Photon Cannon  
  81  10:14  Photon Cannon  
  81  10:21  Photon Cannon  
  81  10:28  Probe  
  81  10:30  Probe x2  
  84  10:41  Probe  
  84  10:43  Probe x2  
  87  11:02  Pylon  
  87  11:05  Photon Cannon  
  87  11:06  Sentry x2  
  91  11:13  Twilight Council, Protoss Shields Level 1 (Chrono Boost)  
  91  11:23  Stalker  
  91  11:24  Stalker  
  95  11:31  Mothership Core  
  97  11:37  Probe  
  97  11:39  Probe  
  99  11:48  Probe  
  99  11:51  Probe  
  99  11:53  Probe  
  101  12:10  Probe  
  101  12:11  Probe  
  101  12:12  Probe  
  104  12:20  Probe  
  105  12:24  Probe  
  102  12:31  Colossus  
  102  12:33  Void Ray  
  86  12:39  Stalker x3  
  86  12:40  Stalker  
  100  12:53  Charge (Chrono Boost)  
  100  12:56  Probe  
  100  12:58  Probe x2  
  103  13:00  Pylon  
  103  13:07  Probe  
  103  13:10  Robotics Facility, Probe x2  
  106  13:13  Pylon  
  106  13:15  Photon Cannon  
  106  13:17  Probe  
  106  13:19  Photon Cannon  
  107  13:24  Protoss Ground Weapons Level 2 (Chrono Boost)  
  107  13:37  Observer  
  108  13:43  Protoss Air Weapons Level 1  
  108  13:45  Void Ray  
  112  13:52  Gateway  
  112  13:54  Gateway  
  113  14:03  Observer  
  113  14:05  Stalker x4  
  121  14:19  Probe  
  122  14:45  Pylon  
  122  14:48  Nexus  
  122  14:51  Pylon  
  122  14:55  Pylon  
  122  14:57  Pylon  
  122  15:07  Nexus  
  122  15:11  Gateway  
  122  15:12  Gateway  
  122  15:13  Photon Cannon  
  122  15:15  Photon Cannon  
  122  15:19  Photon Cannon  
  122  15:24  Photon Cannon  
  122  15:26  Photon Cannon  
  122  15:29  Photon Cannon  
  122  15:31  Pylon  
  122  15:32  Gateway  
  122  15:39  Pylon  
  122  15:42  Stalker  
  122  15:43  Stalker x3  
  130  16:20  Gateway  
  130  16:24  Photon Cannon  
  130  16:28  Pylon  
  130  16:30  Probe, Gateway  
  131  16:44  Probe  
  132  16:47  Stalker x4  
  132  16:48  Stalker  
  142  16:54  Colossus  
  142  16:55  Immortal  
  142  16:56  Void Ray  
  156  17:06  Assimilator  
  156  17:12  Assimilator x2  
  156  17:16  Assimilator  
  156  17:42  Adept x3  
  156  17:43  Adept x2  
  144  18:56  Stalker x2  
  144  18:57  Stalker x5  
  144  18:58  Stalker  
  140  19:09  Zealot  
  101  19:26  Stalker x3  
  101  19:27  Stalker x3  
  113  19:37  Void Ray, Colossus  
  119  20:06  Zealot x5  
  119  20:07  Zealot x2  
  131  20:13  Observer  
  128  20:19  Void Ray  
  132  20:30  Dark Shrine  
  132  20:32  Immortal, Photon Cannon  
  132  20:35  Gateway  
  136  20:38  Gateway  
  136  20:39  Pylon  
  136  20:41  Probe  
  136  20:42  Probe  
  136  20:43  Probe x2  
  136  20:44  Colossus  
  146  20:59  Pylon  
  146  21:05  Zealot x5  
  146  21:07  Adept x2  
  160  21:18  Protoss Ground Weapons Level 3  
  160  21:21  Colossus  
  166  21:27  Stalker x5  
  166  21:28  Stalker x3  
  182  21:46  Gateway  
  182  21:48  Gateway  
  182  21:50  Photon Cannon  
  182  21:52  Photon Cannon  
  182  21:54  Pylon  
  133  22:11  Dark Templar  
  133  22:12  Dark Templar x6  
  133  22:13  Dark Templar x3  
  103  22:30  Archon x5  
  103  22:34  Stalker  
  99  22:54  Stalker x4  
  99  22:55  Stalker x4  
  67  23:18  Dark Templar x5  
  67  23:19  Dark Templar  
  52  23:34  Probe  
  52  23:36  Probe  
  52  23:37  Probe  
  52  23:48  Stalker  
  52  23:49  Stalker x2  
  58  23:56  Stalker  
  58  23:57  Stalker  
  58  23:58  Zealot  
  60  24:25  Zealot  
  60  24:26  Zealot x2  
  60  24:27  Zealot x3  
Tags
 
Add a new tag
Caveats
  • Supply blocks, unpowered buildings, or Contaminate may cause inaccurate times.
  • Supply counts are checked every 10 seconds.